 Dungeon Crawl Stone Soup version 0.32-a0-779-g362cfcae2a (webtiles) character file.

Game seed: 18348934695622966797

2 PriceMaster the Grave Robber (level 1, -1/13 HPs)
             Began as a Demonspawn Necromancer on Mar 20, 2024.
             Was a Follower of Sif Muna.
             Slain by a quokka (3 damage)
             ... on level 1 of the Dungeon.
             The game lasted 00:00:41 (114 turns).

PriceMaster the Grave Robber (DsNe)                  Turns: 114, Time: 00:00:41

Health: -1/13      AC:  2    Str:  8    XL:     1   Next: 33%
Magic:  0/3        EV: 11    Int: 15    God:    Sif Muna [*.....]
Gold:   0          SH:  0    Dex: 13    Spells: 3/4 levels left

rFire   . . .        (no weapon)
rCold   . . .        (no shield)
rNeg    . . .        a - +0 robe
rPois   .            (no helmet)
rElec   .            (no cloak)
rCorr   .            (no gloves)
SInv    .            (no boots)
Will    .....        (no amulet)
Stlth   ++           (no ring)
HPRegen 0.22/turn    (no ring)
MPRegen 0.08/turn

%: no passive effects
@: no status effects
A: no striking features
a: Renounce Religion, Channel Magic


You were on level 1 of the Dungeon.
You worshipped Sif Muna.
Sif Muna was aware of your devotion.
You visited 1 branch of the dungeon, and saw 1 of its levels.

Inventory:

Armour
 a - a +0 robe (worn)
Scrolls
 b - a scroll of amnesia {unknown}


   Skills:
 + Level 1.7 Dodging
 + Level 1.7 Stealth
 + Level 2.0 Spellcasting
 + Level 4.5 Necromancy


You had 3 spell levels left.
You knew the following spells:

 Your Spells              Type           Power      Damage    Failure   Level
a - Necrotise             Necr           60%        1d7       3%          1

Your spell library contained the following spells:

 Spells                   Type           Power      Damage    Failure   Level
 Vampiric Draining        Necr           15%        2d7       11%         3
 Animate Dead             Necr           15%        N/A       34%         4
 Curse of Agony           Necr           15%        N/A       67%         5


Dungeon Overview and Level Annotations

Branches:
Dungeon (1/15)

Altars:
Sif Muna


Message History

Sif Muna accepts your kill.
The dead are walking!
The goblin hits you with a +0 dagger. The hobgoblin misses you.
What are your orders? t - Shout!
Orders for allies: a - Attack new target. r - Retreat! s - Stop attacking. g - Guard the area. f - Follow me.
Anything else - Cancel.
Gang up on whom?
Press: ? - help, Dir - move target, f - goblin
Aim: a goblin, wielding a +0 dagger (ally target) Attack!
The goblin hits you with a +0 dagger. The hobgoblin barely misses you.
The hobgoblin closely misses you.
The goblin hits your hobgoblin skeleton with a +0 dagger.
Your hobgoblin skeleton hits the goblin.
The hobgoblin is caught in a web!
The goblin hits your hobgoblin skeleton with a +0 dagger.
Your hobgoblin skeleton barely misses the goblin.
The goblin hits your hobgoblin skeleton with a +0 dagger.
The hobgoblin struggles to get unstuck from the web.
The goblin hits your hobgoblin skeleton with a +0 dagger.
Your hobgoblin skeleton is destroyed!
The hobgoblin struggles to get unstuck from the web.
The quokka closely misses you. The quokka attacks as it pursues you!
The quokka bites you.
There are monsters nearby!
There are monsters nearby!
Casting: Necrotise (safe; 3% risk of failure)
Confirm with . or Enter, or press ? or * to list all spells.
You don't know that spell.
The quokka attacks as it pursues you! The quokka bites you.
* * * LOW HITPOINT WARNING * * *
Casting: Necrotise (safe; 3% risk of failure)
Confirm with . or Enter, or press ? or * to list all spells.
Aiming: Necrotise (safe; 3% risk of failure)
Press: ? - help, Shift-Dir - straight line, f/p - goblin
Aim: a goblin, wielding a +0 dagger (severely wounded, chance to affect: 85%)
The quokka writhes in agony.
The quokka bites you.
You die...

.. ... #.##...##
##...# ##. ..
#.###...# #...##
#...##.
##.###...###...#
#....##g...##...#...##
#.....##g##...#...#
#.^_g.##.###.....##
#.....^^.###g# #.....#
##...#....##r####...##
.......#...#.@..#...#
######.#.#..##.##...#
..#.......##'''#
######.....##...#.###
####...........+
##......#.###
#.#......# #.#.#.....#
#.#........#


You could see a quokka, a hobgoblin and a goblin.

Vanquished Creatures
  2 hobgoblins (D:1)
2 creatures vanquished.

Notes
Turn   | Place    | Note
-------+----------+-------------------------------------------
     0 | D:1      | PriceMaster the Demonspawn Necromancer began the quest for
                  | the Orb.
     0 | D:1      | Reached XP level 1. HP: 13/13 MP: 3/3
    73 | D:1      | Found a faded altar of an unknown god.
    93 | D:1      | Prayed at the altar of an unknown god.
    93 | D:1      | Became a worshipper of Sif Muna the Loreminder
    93 | D:1      | Reached * piety under Sif Muna
   114 | D:1      | Slain by a quokka

Illustrated notes

Levels and vault maps discovered:
D:1:      lemuel_arrival_funnel, layout_basic, serial_shops,
          nicolae_shop_back_alley_shop, shop, nicolae_shop_trees,
          nicolae_shop_statue_plus, shop_fountains,
          ebering_ecumenical_altar_webs

Action                     || total
---------------------------++-------
  Melee: Unarmed           ||     5
   Cast: Necrotise         ||    10
    Use: Scroll            ||     1
         Potion            ||     1
 Armour: Robe              ||    14
  Dodge: Dodged            ||    12

Table legend: (Time is in decaauts)
 A = Elapsed time spent in this place.
 B = Non-inter-level travel time spent in this place.
 C = Inter-level travel time spent in this place.
 D = Time resting spent in this place.
 E = Time spent auto-exploring this place.
 F = Levels seen in this place.
 G = Mean time per level.
                   A        B        C        D        E       F      G
               +--------+--------+--------+--------+--------+-----+--------+
         Total |    114 |    114 |      0 |      0 |     68 |   1 |  114.0 |
       Dungeon |    114 |    114 |      0 |      0 |     68 |   1 |  114.0 |
               +--------+--------+--------+--------+--------+-----+--------+

Top non-repeatable levels by time:
     D:1: 114 daAuts
